 Dungeon Crawl Stone Soup version 0.28-b1-78-gc65acfa365 (webtiles) character file.

Game seed: 10602557677602393666

20244 DildoBatman the Geomancer (level 13, -8/94 HPs)
             Began as a Formicid Conjurer on Feb 3, 2022.
             Was a High Priest of Kikubaaqudgha.
             Mangled by a harpy simulacrum (12 damage)
             ... in an ice cave.
             The game lasted 00:59:19 (11872 turns).

DildoBatman the Geomancer (Formicid Conjurer)      Turns: 11872, Time: 00:59:20

Health: -8/94      AC:  6    Str: 12    XL:     13   Next: 10%
Magic:  7/25       EV: 16    Int: 21    God:    Kikubaaqudgha [*****.]
Gold:   992        SH: 11    Dex: 13    Spells: 14/28 levels left

rFire   . . .      SeeInvis +   a - +7 Throatcutter {drain, coup de grace}
rCold   . . .      Faith    .   D - +0 kite shield
rNeg    . . .      Spirit   .   o - +0 troll leather armour
rPois   +          Reflect  .   (helmet unavailable)
rElec   +          Harm     .   (no cloak)
rCorr   .          Rampage  .   B - +0 pair of gloves
Will    +....      Clarity  +   (no boots)
Stlth   ++........              m - amulet of magic regeneration
HPRegen 1.05/turn               h - +4 ring of evasion
MPRegen 0.59/turn               r - ring of poison resistance

@: very slightly contaminated
A: permanent stasis, dig shafts and tunnels, antennae 3, four strong arms,
clarity, clever 1, sense surroundings 1, electricity resistance
a: Dig, Renounce Religion, Receive Corpses, Torment


You were in an ice cave.
You worshipped Kikubaaqudgha.
Kikubaaqudgha was extremely pleased with you.
You visited 3 branches of the dungeon, and saw 14 of its levels.
You also visited: Ice Cave.

You collected 992 gold pieces.

Inventory:

Hand Weapons
 a - the +7 Throatcutter (weapon) {drain, coup de grace}
   (You found it on level 9 of the Dungeon)

   A truly terrible weapon, it drains the life of any living foe it strikes.
   It may instantly kill foes which have little health.
 b - the +8 short sword "Saodd" {vorpal, rElec rF- Will+ SInv}
   (You found it on level 11 of the Dungeon)

   It inflicts extra damage upon your enemies.
   rF:        It makes you vulnerable to fire.
   rElec:     It insulates you from electricity.
   SInv:      It lets you see invisible.
   Will:      It increases your willpower.
 d - a +4 scimitar of flaming
 X - a +1 shortbow of freezing
Missiles
 c - 2 throwing nets
 k - 107 sling bullets
 l - 262 stones
 s - 23 poisoned darts
 t - 3 curare-tipped darts
 v - 8 boomerangs
 J - 12 bolts
 L - 305 arrows
Armour
 o - a +0 troll leather armour (worn)
 B - a +0 pair of gloves (worn)
 D - a +0 kite shield (worn)
 P - the +1 scale mail of the Shining One's Whim {Rampage rPois Int+4 Dex-5}
   (You found it on level 10 of the Dungeon)

   Int:       It affects your intelligence (+4).
   Dex:       It affects your dexterity (-5).
   rPois:     It protects you from poison.
   Rampage:   It bestows one free step when moving towards enemies.
 V - a +2 leather armour of cold resistance
Magical Staves
 W - a staff of conjuration
Jewellery
 g - an amulet of reflection
 h - a +4 ring of evasion (left hand)
 m - an amulet of magic regeneration (around neck)
 r - a ring of poison resistance (right hand)
 K - a ring of flight
Wands
 A - a wand of flame (42)
 F - a wand of mindburst (11)
 S - a wand of acid (5)
Scrolls
 e - a scroll of noise {unknown}
 j - a scroll of amnesia {unknown}
 q - a scroll of holy word
 u - 3 scrolls of fear
 y - a scroll of vulnerability
 M - 3 scrolls of brand weapon
 R - a scroll of enchant armour
 T - a scroll of fog {unknown}
Potions
 f - 2 potions of ambrosia {unknown}
 i - 2 potions of mutation
 n - 2 potions of curing {unknown}
 w - 3 potions of might
 x - 5 potions of heal wounds
 E - 2 potions of lignification {unknown}
 G - a potion of berserk rage {unknown}
 O - a potion of resistance {unknown}
Miscellaneous
 U - a lightning rod (4/4)


   Skills:
 * Level 6.4 Fighting
 - Level 2.0 Long Blades
 * Level 6.2 Armour
 * Level 4.3 Dodging
 - Level 2.4 Stealth
 - Level 9.0 Shields
 - Level 8.0 Spellcasting
 - Level 6.0 Conjurations
 - Level 10.0 Necromancy
 - Level 5.0 Transmutations
 - Level 11.0 Earth Magic


You had 14 spell levels left.
You knew the following spells:

 Your Spells              Type           Power      Damage    Failure   Level
a - Borgnjor's Vile Clut  Necr/Erth      25%        N/A       7%          5
b - Wereblood             Tmut           29%        N/A       3%          2
c - Searing Ray           Conj           66%        2d6       2%          2
f - Magic Dart            Conj           100%       1d8       1%          1
h - Dispel Undead         Necr           50%        3d19      3%          4

Your spell library contained the following spells:

 Spells                   Type           Power      Damage    Failure   Level
 Animate Skeleton         Necr           100%       N/A       1%          1
 Pain                     Necr           100%       1d9       1%          1
 Beastly Appendage        Tmut           58%        N/A       2%          1
 Corpse Rot               Necr/Air       58%        N/A       3%          2
 Animate Dead             Necr           25%        N/A       3%          4
 Agony                    Necr           50%        N/A       9%          5
 Dazzling Flash           Conj/Hex       42%        N/A       17%         3
 Spider Form              Tmut/Pois      18%        N/A       21%         3
 Anguish                  Hex/Necr       14%        N/A       24%         4
 Death Channel            Necr           25%        N/A       43%         6
 Lesser Beckoning         Tloc           8%         N/A       50%         3
 Fulminant Prism          Conj/Hex       10%        3d9       50%         4
 Iskenderun's Mystic Bla  Conj/Tloc      21%        2d6       50%         4
 Irradiate                Conj/Tmut      15%        3d18      50%         5
 Blade Hands              Tmut           14%        N/A       56%         5
 Manifold Assault         Tloc           8%         N/A       99%         5
 Dragon Form              Tmut           14%        N/A       100%        7
 Blink                    Tloc           Unusable   N/A       N/A         2

Dungeon Overview and Level Annotations

Branches:
Dungeon (11/15)            Temple (1/1) D:5            Lair (0/6) D:11
    Orc (2/2) D:11            Elf (0/3) Orc:2         IceCv (1/1)

Altars:
Ashenzari
Cheibriados
Dithmenos
Elyvilon
Fedhas
Gozag
Hepliaklqana
Kikubaaqudgha
Makhleb
Nemelex Xobeh
Okawaru
Qazlal
Ru
Sif Muna
Trog
Uskayaw
Vehumet
Wu Jian
Xom
Yredelemnul
Zin
The Shining One

Shops:
D:2 [   Orc:2 :


Innate Abilities, Weirdness & Mutations

You cannot be hasted, slowed, berserked, paralysed or teleported.
You can dig through walls and to a lower floor.
You have a pair of large antennae on your head. (SInv)
Your four strong arms can wield two-handed weapons with a shield.
You possess an exceptional clarity of mind.
Your mind is acute. (Int +2)
You passively map a small area around you.
You are resistant to electric shocks. (rElec)


Message History

Casting: Borgnjor's Vile Clutch (dangerous; 7% risk of failure)
Confirm with . or Enter, or press ? or * to list all spells.
Aiming: Borgnjor's Vile Clutch (dangerous; 7% risk of failure)
Press: ? - help, Shift-Dir - straight line, f/p - harpy simulacrum
Aim: a harpy simulacrum (moderately damaged, 100% to hit)
Zombie hands grab the harpy simulacrum.
The zombie hands constrict the harpy simulacrum!
The harpy simulacrum struggles to escape constriction.
The harpy simulacrum escapes!
Casting: Borgnjor's Vile Clutch (dangerous; 7% risk of failure)
Confirm with . or Enter, or press ? or * to list all spells.
Aiming: Borgnjor's Vile Clutch (dangerous; 7% risk of failure)
Press: ? - help, Shift-Dir - straight line, f/p - harpy simulacrum
Aim: a harpy simulacrum (severely damaged, 100% to hit)
You miscast Borgnjor's Vile Clutch.
You are very lightly contaminated with residual magic.
You are caught in an explosion of flying shrapnel.
The harpy simulacrum closely misses you.
The harpy simulacrum claws you but does no damage.
The harpy simulacrum barely misses you.
The harpy simulacrum closely misses you.
The harpy simulacrum barely misses you.
The harpy simulacrum claws you but does no damage.
You block the harpy simulacrum's attack. x2
Casting: Borgnjor's Vile Clutch (dangerous; 7% risk of failure)
Confirm with . or Enter, or press ? or * to list all spells.
Aiming: Borgnjor's Vile Clutch (dangerous; 7% risk of failure)
Press: ? - help, Shift-Dir - straight line, f/p - harpy simulacrum
Aim: a harpy simulacrum (severely damaged, 100% to hit)
Zombie hands grab the harpy simulacrum.
The zombie hands constrict the harpy simulacrum.
You block the harpy simulacrum's attack.
The harpy simulacrum claws you. The harpy simulacrum freezes you!
The harpy simulacrum claws you. The harpy simulacrum freezes you!
The harpy simulacrum claws you. The harpy simulacrum freezes you!
You die...
Kikubaaqudgha rasps: "You have failed me!
Welcome... death!"

####### #############
#.....## ##..!))#.....## ,
#......###.....)#......##
#.......#.......#.......#§
,
#.∩..∩......@Z..........Z.
#.......#.......#.......#u
#......###......#......##
#.....## ##....[#○☼...##
####### ############# *


You could see a harpy simulacrum (clutched).

Vanquished Creatures
  An orc warlord (Orc:2)
  Harold (D:9)
  Erolcha (D:11)
  Erica (D:9)
  3 two-headed ogres
  Sonja (Orc:1)
  An orc knight (Orc:2)
  A cyclops (Orc:2)
  An ugly thing (IceCv)
  3 ice statues (IceCv)
  An unseen horror (D:10)
  A kobold demonologist (D:11)
  2 trolls
  A wraith (D:8)
  25 yaks
  A vampire (D:10)
  A death yak simulacrum (IceCv)
  A neqoxec (Orc:2)
  2 steam dragons (D:5)
  2 wargs
  14 orc warriors
  3 sky beasts
  2 ice beasts
  4 necrophages
  3 ogres (Orc:2)
  5 black bears
  8 centaurs
  2 kobold brigands
  4 bullfrogs
  3 wyvern zombies
  4 two-headed ogre simulacra (Orc:2)
  2 scorpions
  A cane toad simulacrum (IceCv)
  7 killer bees
  2 elephant simulacra
  2 howler monkeys (D:11)
  13 wights
  3 electric eels (D:5)
  A bullfrog zombie (D:6)
  5 hounds
  3 centaur zombies
  12 orc priests
  A jelly (D:8)
  Natasha (thrice) (D:3)
  An iguana (D:6)
  10 orc wizards
  A spriggan simulacrum (Orc:2)
  3 wolf simulacra
  A killer bee zombie (D:7)
  3 mummies
  A howler monkey zombie (D:9)
  4 gnolls (D:3)
  A howler monkey skeleton (D:7)
  2 adders
  A naga simulacrum (Orc:2)
  2 white imps
  3 worms
  2 dart slugs (D:2)
  59 orcs
  5 endoplasms
  3 giant cockroaches
  5 hobgoblins
  6 jackals
  6 quokkas
  6 ball pythons
  7 bats
  5 frilled lizards
  5 goblins
  22 kobolds
  2 rats
324 creatures vanquished.

Vanquished Creatures (others)
  2 plants (D:5)
  A withered plant (D:7)
3 creatures vanquished.

Grand Total: 327 creatures vanquished

Notes
Turn   | Place    | Note
-------+----------+-------------------------------------------
     0 | D:1      | DildoBatman the Formicid Conjurer began the quest for the
                  | Orb.
     0 | D:1      | Reached XP level 1. HP: 13/13 MP: 3/3
   183 | D:1      | Reached XP level 2. HP: 19/19 MP: 3/5
   186 | D:1      | Learned a level 2 spell: Searing Ray
   339 | D:1      | Found a faded altar of an unknown god.
   768 | D:2      | Reached XP level 3. HP: 24/24 MP: 0/6
   832 | D:2      | Found Konutil's Armour Boutique.
   991 | D:2      | Learned a level 2 spell: Wereblood
  1203 | D:3      | Reached XP level 4. HP: 30/30 MP: 0/7
  1225 | D:3      | Reached skill level 5 in Conjurations
  1603 | D:3      | Noticed Natasha
  1886 | D:3      | Reached XP level 5. HP: 28/36 MP: 2/8
  1890 | D:3      | Reached skill level 1 in Fighting
  1890 | D:3      | Reached skill level 1 in Armour
  2089 | D:4      | Noticed a black bear
  2095 | D:4      | Killed a black bear
  2096 | D:4      | Reached XP level 6. HP: 41/44 MP: 3/10
  2565 | D:5      | Entered Level 5 of the Dungeon
  2590 | D:5      | Found a staircase to the Ecumenical Temple.
  2599 | Temple   | Entered the Ecumenical Temple
  3165 | Temple   | Became a worshipper of Kikubaaqudgha
  3279 | D:3      | Killed Natasha
  3400 | D:3      | Noticed Natasha
  3407 | D:3      | Killed Natasha
  3408 | D:3      | Reached XP level 7. HP: 38/50 MP: 9/12
  3428 | D:3      | Noticed Natasha
  3430 | D:3      | Killed Natasha
  3456 | D:5      | Found a transporter.
  3482 | D:5      | Noticed a steam dragon
  3636 | D:5      | Noticed a steam dragon
  3728 | D:5      | Found a transporter.
  3957 | D:6      | Reached skill level 5 in Spellcasting
  4034 | D:6      | Reached XP level 8. HP: 33/56 MP: 12/17
  4228 | D:6      | Reached skill level 1 in Shields
  4517 | D:6      | Reached skill level 5 in Shields
  4660 | D:7      | Reached * piety under Kikubaaqudgha
  4660 | D:7      | Received a gift from Kikubaaqudgha
  4676 | D:7      | Reached XP level 9. HP: 51/61 MP: 15/19
  5443 | D:5      | Reached ** piety under Kikubaaqudgha
  5674 | D:8      | Reached XP level 10. HP: 49/72 MP: 14/20
  5682 | D:8      | Reached skill level 5 in Fighting
  5682 | D:8      | Reached skill level 5 in Armour
  5722 | D:8      | Reached skill level 1 in Transmutations
  6029 | D:8      | Noticed a two-headed ogre
  6162 | D:9      | Noticed a two-headed ogre
  6168 | D:9      | Noticed Erica
  6191 | D:9      | Noticed Harold
  6217 | D:8      | Gained mutation: You possess an exceptional clarity of
                  | mind. [potion of mutation]
  6217 | D:8      | Gained mutation: You passively map a small area around you.
                  | [potion of mutation]
  6217 | D:8      | Gained mutation: Your mind is acute. (Int +2) [potion of
                  | mutation]
  6217 | D:8      | Gained mutation: You are resistant to electric shocks.
                  | (rElec) [potion of mutation]
  7220 | D:8      | Reached skill level 5 in Transmutations
  7238 | D:8      | Reached skill level 1 in Necromancy
  7581 | D:9      | Reached skill level 5 in Necromancy
  7904 | D:9      | Reached XP level 11. HP: 76/79 MP: 17/21
  8240 | D:9      | Killed Erica
  8288 | D:9      | Reached *** piety under Kikubaaqudgha
  8288 | D:9      | Received a gift from Kikubaaqudgha
  8294 | D:9      | Learned a level 4 spell: Dispel Undead
  8300 | D:9      | Learned a level 5 spell: Borgnjor's Vile Clutch
  8405 | D:9      | Found the +7 Throatcutter {drain, coup de grace}
  8443 | D:9      | Found a snail-covered altar of Cheibriados.
  8673 | D:10     | Entered Level 10 of the Dungeon
  8759 | D:10     | Identified the +1 scale mail of the Shining One's Whim
                  | {Rampage rPois Int+4 Dex-5}
  8870 | D:10     | Reached skill level 1 in Long Blades
  8870 | D:10     | Reached skill level 2 in Earth Magic
  8967 | D:10     | Reached skill level 3 in Earth Magic
  9125 | D:10     | Reached skill level 4 in Earth Magic
  9166 | D:10     | Reached skill level 5 in Earth Magic
  9355 | D:11     | Reached skill level 6 in Earth Magic
  9470 | D:11     | Noticed a sixfirhy
  9493 | D:11     | Reached skill level 7 in Earth Magic
  9581 | D:11     | Found a staircase to the Orcish Mines.
  9651 | D:11     | Noticed a two-headed ogre
  9670 | D:11     | Killed a two-headed ogre
  9740 | D:11     | Reached skill level 8 in Earth Magic
  9811 | D:11     | Noticed Erolcha
  9942 | D:6      | Killed a two-headed ogre
  9943 | D:6      | Reached XP level 12. HP: 86/86 MP: 15/22
 10170 | D:8      | Killed a two-headed ogre
 10170 | D:8      | Reached **** piety under Kikubaaqudgha
 10171 | D:8      | Reached skill level 9 in Earth Magic
 10266 | D:9      | Killed Harold
 10497 | D:11     | Identified the +8 short sword "Saodd" {vorpal, rElec rF-
                  | Will+ SInv}
 10610 | D:11     | Found a staircase to the Lair.
 10710 | D:11     | Killed Erolcha
 10842 | Orc:1    | Entered Level 1 of the Orcish Mines
 10966 | Orc:1    | Noticed Sonja
 10971 | Orc:1    | Killed Sonja
 11255 | Orc:2    | Entered Level 2 of the Orcish Mines
 11264 | Orc:2    | Found Zitof's Book Shoppe.
 11265 | Orc:2    | Noticed an orc warlord
 11295 | Orc:2    | Reached skill level 10 in Earth Magic
 11310 | Orc:2    | Killed an orc warlord
 11311 | Orc:2    | Reached skill level 10 in Necromancy
 11399 | Orc:2    | Reached skill level 11 in Earth Magic
 11399 | Orc:2    | Reached ***** piety under Kikubaaqudgha
 11517 | Orc:2    | Found a frozen archway.
 11531 | IceCv    | Entered an ice cave
 11575 | IceCv    | Reached XP level 13. HP: 93/93 MP: 13/25
 11872 | IceCv    | HP: 4/94 [harpy simulacrum (6)]
 11872 | IceCv    | Mangled by a harpy simulacrum

Illustrated notes

Levels and vault maps discovered:
D:1:      denvon_arrival_waterhouse, layout_loops_ring,
          ebering_ecumenical_altar_webs
D:2:      layout_rooms, serial_shops, nicolae_shop_advertising_works
          [nicolae_subvault_shop_adworks]
D:3:      layout_rooms, uniq_natasha
D:4:      layout_rooms, serial_corexii_hall, corexii_hall_statues_u,
          corexii_hall_statues_l, chequers_hall_statues_y, st_stairs_14
D:5:      gammafunk_steamed_eel, layout_cave_pools,
          minmay_temple_entry_statues_fountains
D:6:      layout_loops_ring, minmay_misc_feat_encased
D:7:      layout_basic, serial_undead, serial_undead_b, serial_undead_b,
          serial_undead_a, serial_undead_f, serial_undead_d, serial_undead_e,
          minmay_misc_feat_rows
D:8:      layout_rooms
D:9:      layout_loops_cross, slow_altar_2, nicolae_elevator_lobby_asterisk,
          uniq_harold, uniq_erica
D:10:     layout_roguey
D:11:     layout_irregular_city, grunt_lair_entry_orc_guard_hut,
          david_orc_1_choice, uniq_erolcha
Temple:   mainiacjoe_temple_starburst
Orc:1:    layout_caves, uniq_sonja
Orc:2:    pf_orc_diabolical, layout_diamond_mine,
          portal_ice_cave_entry_ice_simulacra, serial_shops,
          nicolae_shop_window_shopping
IceCv:    ice_cave_statue_garden_chambered

Skill      XL: |  1  2  3  4  5  6  7  8  9 10 11 12 13 |
---------------+----------------------------------------+-----
Conjurations   | 4 5 6 |  6.0
Fighting       | 1 2 4 5 6 |  6.4
Armour         | 1 2 4 5 6 |  6.2
Spellcasting   | 3 6 7 8 |  8.0
Shields        | 6 9 |  9.0
Dodging        | 3 4 |  4.3
Transmutations | 5 |  5.0
Necromancy     | 6 8 10 | 10.0
Long Blades    | 2 |  2.0
Earth Magic    | 8 11 | 11.0
Stealth        | |  2.4

Action                   |  1- 3 |  4- 6 |  7- 9 | 10-12 | 13-15 || total
-------------------------+-------+-------+-------+-------+-------++-------
Melee: Staff             |       |     1 |       |       |       ||     1
       Long sword        |       |       |       |   123 |    11 ||   134
       Scimitar          |       |       |       |     7 |       ||     7
       Short sword       |       |       |       |     2 |       ||     2
 Fire: Hunting sling     |     2 |       |       |       |       ||     2
       Shortbow          |       |       |       |     6 |       ||     6
 Cast: Magic Dart        |    80 |    46 |    86 |    39 |       ||   251
       Searing Ray       |       |    19 |    58 |    78 |       ||   155
       Wereblood         |       |       |       |     4 |     1 ||     5
       Dispel Undead     |       |       |       |     9 |       ||     9
       Borgnjor's Vile C |       |       |       |    49 |    25 ||    74
 Abil: Dig               |       |       |       |     3 |       ||     3
Evoke: Wand              |       |       |       |     4 |       ||     4
       Lightning rod     |       |       |       |     1 |       ||     1
  Use: Scroll            |       |       |       |    13 |       ||    13
       Potion            |       |       |       |     1 |       ||     1
Armor: Robe              |       |     2 |     6 |       |       ||     8
       Scale mail        |       |       |     3 |       |       ||     3
       Steam dragon scal |       |       |     5 |    41 |       ||    46
       Troll leather arm |       |       |       |    34 |     9 ||    43
Dodge: Dodged            |     5 |    22 |    36 |   187 |    15 ||   265
Block: Kite shield       |       |       |    18 |   228 |    24 ||   270
